 Dungeon Crawl Stone Soup version 0.31-a0-263-ge8cad7f256 (webtiles) character file.

Game seed: 5028858316162437200

106 qw the Shooter (level 4, -2/26 HPs)
             Began as a Gargoyle Hexslinger on July 13, 2023.
             Slain by a gnoll
             ... wielding a +0 whip
              (4 damage)
             ... on level 3 of the Dungeon.
             The game lasted 00:00:59 (1771 turns).

qw the Shooter (Gargoyle Hexslinger)                Turns: 1771, Time: 00:01:00

Health: -2/26      AC:  9    Str: 11    XL:     4   Next: 84%
Magic:  5/5        EV: 10    Int: 14    God:
Gold:   72         SH:  0    Dex: 14    Spells: 4/5 levels left

rFire   + . .        Y - +1 sling
rCold   + . .        (no shield)
rNeg    + . .        a - +0 ring mail
rPois   inf          g - +0 helmet
rElec   +            (no cloak)
rCorr   .            (no gloves)
SInv    .            (no boots)
Will    .....        (no amulet)
Stlth   +            k - ring of protection from cold
HPRegen 0.24/turn    m - ring of protection from fire
MPRegen 0.09/turn

%: no passive effects
@: no status effects
A: sickness immunity, AC +3, negative energy resistance 1, electricity
resistance, torment resistance 1, petrification resistance
a: no special abilities


You were on level 3 of the Dungeon.
You visited 1 branch of the dungeon, and saw 3 of its levels.

You collected 72 gold pieces.


Innate Abilities, Weirdness & Mutations

You are immune to sickness and miasma.
Your stone body is resilient. (AC +3)
You are immune to poison.
You resist negative energy. (rN+)
You are resistant to electric shocks. (rElec)
You are resistant to unholy torment.
You are immune to petrification.


   Skills:
 - Level 2.0 Fighting
 + Level 4.4 Ranged Weapons
 - Level 1.0 Armour
 - Level 1.5 Dodging
 - Level 1.0 Spellcasting
 - Level 2.6 Hexes


You had 4 spell levels left.
You knew the following spells:

 Your Spells              Type           Power      Damage    Failure   Level
a - Slow                  Hex            32%        N/A       21%         1

Your spell library contained the following spells:

 Spells                   Type           Power      Damage    Failure   Level
 Inner Flame              Hex/Fire       4%         N/A       71%         3
 Portal Projectile        Hex/Tloc       8%         N/A       71%         3
 Cause Fear               Hex            4%         N/A       90%         4

Inventory:

Hand Weapons
 Y - a +1 sling (weapon)
Armour
 a - a +0 ring mail (worn)
 g - a +0 helmet (worn)
Jewellery
 k - a ring of protection from cold (left hand)
 l - a +6 ring of strength
 m - a ring of protection from fire (right hand)
Scrolls
 b - a scroll of identify
 c - a scroll of teleportation {unknown}
Potions
 d - a potion of attraction {unknown}
 e - 3 potions of curing
 f - a potion of brilliance {unknown}
 h - a potion of resistance {unknown}
 i - a potion of mutation {unknown}
 j - 3 potions of degeneration {unknown}

Dungeon Overview and Level Annotations

Branches:
Dungeon (3/15)

Altars:
Vehumet

Shops:
D:2 [


Message History

You shoot a sling bullet. The sling bullet hits the gnoll.
The gnoll is lightly wounded.
The gnoll hits you but does no damage.
You shoot a sling bullet.
The sling bullet barely misses the gnoll.
The gnoll hits you but does no damage. x2
You shoot a sling bullet.
The sling bullet barely misses the gnoll.
You shoot a sling bullet. The sling bullet hits the gnoll.
The gnoll is lightly wounded.
You shoot a sling bullet. The sling bullet hits the gnoll.
The gnoll is lightly wounded.
The gnoll barely misses you. The gnoll hits you but does no damage.
The gnoll barely misses you.
You shoot a sling bullet. The sling bullet hits the gnoll.
The gnoll is heavily wounded.
The gnoll hits you but does no damage. The gnoll closely misses you.
The gnoll hits you but does no damage.
You shoot a sling bullet.
The sling bullet closely misses the gnoll.
The gnoll hits you with a +0 whip. x2
The gnoll hits you from afar with a +0 halberd!
The gnoll hits you but does no damage. x2
The gnoll hits you from afar with a +0 halberd.
You shoot a sling bullet.
The sling bullet closely misses the gnoll.
The gnoll hits you but does no damage. The gnoll misses you.
The gnoll barely misses you.
You shoot a sling bullet. The sling bullet hits the gnoll.
The gnoll is severely wounded.
The gnoll closely misses you. The gnoll completely misses you.
The gnoll hits you from afar with a +0 halberd!
You shoot a sling bullet.
The sling bullet closely misses the gnoll.
The gnoll barely misses you. The gnoll hits you but does no damage.
The gnoll barely misses you.
You shoot a sling bullet.
The sling bullet closely misses the gnoll.
The gnoll hits you with a +0 whip. x2
You die...

## .. ########### .#
#......ggg#..#
#.#######@#.##
#.#.....#....#
########.#.......#..#.#
....)...>.............#
..####.#..###.....#...#
..# #....##.....<....#
..# #.#..##..######..#
..# #.#.....))...# ....
..# #.#.######.#.# ##


You could see 3 gnolls.

Vanquished Creatures
  A gnoll (D:3)
  2 worms (D:3)
  2 dart slugs
  An orc (D:3)
  6 bats
  4 endoplasms
  5 giant cockroaches
  11 goblins
  4 hobgoblins
  14 jackals
  9 kobolds
  3 quokkas
  4 ball pythons
  2 frilled lizards
  5 rats
73 creatures vanquished.

Notes
Turn   | Place    | Note
-------+----------+-------------------------------------------
     0 | D:1      | qw the Gargoyle Hexslinger began the quest for the Orb.
     0 | D:1      | Reached XP level 1. HP: 12/12 MP: 2/2
     0 | D:1      | 0 ||| qw: Version: 0.3-a-52-g30416fa
     0 | D:1      | 0 ||| qw: Game counter: 7500
     0 | D:1      | 0 ||| qw: Melee chars always use a shield: true
     0 | D:1      | 0 ||| qw: God list: Okawaru
     0 | D:1      | 0 ||| qw: Allow faded altars: false
     0 | D:1      | 0 ||| qw: Do Orc after clearing Dungeon:15 true
     0 | D:1      | 0 ||| qw: Do second Lair branch before Depths: true
     0 | D:1      | 0 ||| qw: Lair rune preference: random
     0 | D:1      | 0 ||| qw: Goals: Normal
     0 | D:1      | 0 ||| PLANNING D:1-11
    22 | D:1      | 22 ||| Stepping ~*~*~tactically~*~*~ (outnumbered).
    33 | D:1      | Reached XP level 2. HP: 9/16 MP: 3/3
    96 | D:1      | Reached skill level 3 in Ranged Weapons
   219 | D:1      | Reached XP level 3. HP: 21/21 MP: 4/4
   548 | D:1      | 548 ||| UPGRADING to +0 helmet.
   553 | D:1      | 553 ||| UPGRADING to ring of protection from cold.
   554 | D:1      | 554 ||| READING scroll labelled NOMIFA IBENLESS.
   555 | D:1      | 555 ||| READING scroll labelled NUJ NUICIUC.
   556 | D:1      | 556 ||| DRINKING 2 brown potions.
   557 | D:1      | 557 ||| DROPPING scroll of poison.
   755 | D:2      | 755 ||| READING scroll labelled VEIKONLY PAWU.
   819 | D:2      | 819 ||| UPGRADING to +0 ring mail.
   835 | D:2      | 835 ||| UPGRADING to +0 ring mail.
   845 | D:2      | 845 ||| DROPPING +0 robe.
   859 | D:2      | 859 ||| UPGRADING to +6 ring of strength.
   860 | D:2      | 860 ||| READING 2 scrolls labelled FYKIG HOJUIG.
   877 | D:2      | Reached XP level 4. HP: 26/26 MP: 5/5
  1050 | D:2      | Found Osihadgh's Antique Armour Emporium.
  1081 | D:2      | 1081 ||| SHOPLISTING embroidered scarf (200 gold, have 37).
  1081 | D:2      | 1081 ||| SHOPLISTING jewelled ring mail (225 gold, have
                  | 37).
  1081 | D:2      | 1081 ||| SHOPLISTING runed hat (175 gold, have 37).
  1081 | D:2      | 1081 ||| SHOPLISTING runed scarf (200 gold, have 37).
  1305 | D:2      | Reached skill level 4 in Ranged Weapons
  1350 | D:2      | 1350 ||| UPGRADING to ring of protection from fire.
  1352 | D:2      | 1352 ||| READING scroll labelled PUEKAJASEU.
  1434 | D:3      | Found a radiant altar of Vehumet.
  1556 | D:3      | Reached skill level 1 in Armour
  1769 | D:3      | HP: 6/26 [gnoll/+0 halberd (8)]
  1771 | D:3      | HP: 2/26 [gnoll/+0 whip (5)]
  1771 | D:3      | Slain by a gnoll

Levels and vault maps discovered:
D:1:      scummos_arrival_simple_fountains, layout_basic
D:2:      minmay_inner_zag, layout_loops_ring, serial_shops,
          nicolae_shop_peninsula
D:3:      layout_basic, lemuel_doored_altar

Skill      XL: |  1  2  3  4 |
---------------+-------------+-----
Ranged Weapons | 3 4 |  4.4
Fighting       | 2 |  2.0
Armour         | 1 |  1.0
Dodging        | |  1.5
Spellcasting   | |  1.0
Hexes          | |  2.6

Action                     |  1- 3 |  4- 6 || total
---------------------------+-------+-------++-------
   Fire: Sling             |   135 |   128 ||   263
    Use: Scroll            |     4 |     1 ||     5
         Potion            |     1 |       ||     1
 Armour: Robe              |    24 |       ||    24
         Ring mail         |       |    44 ||    44
  Dodge: Dodged            |    84 |    52 ||   136

Table legend:
 A = Non-vault XP
 B = Vault XP
 C = Vault XP percentage of total XP
 D = Non-vault monster count
 E = Vault monster count
 F = Vault count percentage of total count
                 A         B        C        D         E       F
            +---------+---------+-------+---------+---------+-------
      Total |     143 |       9 |   5.9 |      68 |       5 |   6.8
            +---------+---------+-------+---------+---------+-------
        D:1 |      57 |       0 |   0.0 |      33 |       0 |   0.0
        D:2 |      28 |       9 |  24.3 |      15 |       5 |  25.0
        D:3 |      58 |       0 |   0.0 |      20 |       0 |   0.0
            +---------+---------+-------+---------+---------+-------
